Map: Nightscape LE

Players

ftor

  • Race: Terran Terran
  • Spawn Location: 7:00

AbeL

  • Race: Protoss Protoss
  • Spawn Location: 7:00

Massa - Winner!

  • Race: Terran Terran
  • League: Platinum
  • Spawn Location: 1:00

qqq - Winner!

  • Race: Zerg Zerg
  • Spawn Location: 1:00

VOD

Have the link to the VOD?

Description

Time

  • Played on: Oct. 13, 2020, 6:31 a.m.
  • Length: 22:35
Show
View Real Time Build Order
Export as new Build Order

ftor Terran 

Build Orders:  

Get SALT Encoding   

  12  0:01  SCV  
  13  0:16  SCV  
  14  0:28  Supply Depot  
  14  0:34  SCV  
  15  0:39  Refinery  
  15  0:44  Refinery  
  15  0:50  SCV  
  16  1:02  SCV  
  16  1:03  Barracks  
  17  1:18  SCV  
  18  1:30  SCV  
  20  1:54  Reaper  
  20  2:08  Command Center  
  20  2:26  Reaper  
  21  2:52  SCV  
  22  3:04  SCV  
  23  3:20  SCV  
  23  3:23  Factory  
  23  3:42  Marine  
  24  4:00  Marine  
  24  4:01  Supply Depot  
  25  4:03  SCV  
  25  4:04  Supply Depot  
  26  4:15  SCV, Hellion  
  29  4:36  Hellion  
  31  4:44  Starport  
  31  4:45  Starport  
  31  4:46  Starport, SCV  
  32  4:57  Supply Depot  
  32  4:59  SCV  
  32  5:06  Orbital Command  
  32  5:11  SCV  
  33  5:23  SCV  
  34  5:29  Starport Tech Lab x3  
  34  5:35  SCV  
  34  5:51  Banshee x2  
  34  5:52  Banshee  
  34  5:55  Cloaking Field  
  43  6:04  Supply Depot  
  43  6:07  Refinery  
  43  6:09  SCV  
  43  6:10  Refinery  
  44  6:21  SCV  
  44  6:22  Fusion Core  
  45  6:34  SCV  
  46  6:42  Engineering Bay  
  46  6:47  Banshee x3  
  55  7:09  Hyperflight Rotors  
  50  9:37  Battlecruiser x3  
  68  9:48  Missile Turret  
  68  9:50  SCV  
  69  10:02  SCV  
  69  10:05  Supply Depot  
  70  10:09  Supply Depot  
  70  10:12  Missile Turret  
  70  10:15  SCV  
  70  10:16  Hi-Sec Auto Tracking  
  71  10:22  Armory  
  71  10:24  Armory  
  71  10:27  SCV  
  72  10:39  SCV  
  35  12:04  Battlecruiser  
  35  12:05  Battlecruiser x2  
  53  12:27  Terran Ship Weapons Level 1  
  53  12:28  Terran Vehicle And Ship Armor Level 1  
  53  13:06  Command Center  
  53  13:09  Battlecruiser x2  
  53  13:11  Command Center  
  65  13:15  Neosteel Armor  
  65  13:27  Starport  
  65  14:02  Missile Turret  
  65  14:20  Missile Turret  
  65  14:25  Planetary Fortress  
  65  14:26  Planetary Fortress  
  65  14:33  Refinery  
  65  14:35  Refinery  
  65  14:39  Missile Turret  
  65  15:00  Missile Turret  
  65  15:01  Starport Tech Lab  
  65  15:16  Battlecruiser  
  65  15:17  Battlecruiser x2  
  65  15:19  Missile Turret  
  83  15:24  Battlecruiser  
  89  15:28  Terran Ship Weapons Level 2  
  89  15:30  Terran Vehicle And Ship Armor Level 2  
  89  15:42  Missile Turret  
  89  16:01  Missile Turret  
  83  16:21  Missile Turret  
  83  17:20  Battlecruiser x3  
  70  19:23  Battlecruiser  
  76  19:31  Starport Tech Lab x3  
Show
View Real Time Build Order
Export as new Build Order

AbeL Protoss 

Build Orders:  

Get SALT Encoding   

  12  0:00  Probe  
  13  0:12  Probe  
  14  0:18  Pylon  
  14  0:25  Probe  
  15  0:37  Probe  
  16  0:45  Gateway  
  16  0:49  Probe  
  17  0:50  Assimilator  
  17  1:01  Probe  
  18  1:07  Assimilator  
  18  1:13  Probe  
  19  1:25  Probe  
  20  1:33  Cybernetics Core  
  20  1:35  Gateway  
  20  1:37  Pylon  
  20  1:38  Probe (Chrono Boost)  
  22  1:47  Probe (Chrono Boost)  
  22  1:52  Probe (Chrono Boost)  
  22  2:00  Pylon  
  23  2:04  Probe  
  24  2:10  Robotics Facility  
  24  2:11  Stalker  
  26  2:21  Probe  
  26  2:33  Stalker  
  26  2:34  Probe, Warp Gate  
  31  2:51  Stalker (Chrono Boost)  
  31  2:54  Warp Prism (Chrono Boost)  
  33  3:02  Stalker (Chrono Boost)  
  35  3:26  Nexus  
  35  3:39  Observer  
  35  3:40  Stalker  
  38  3:44  Probe  
  39  3:57  Forge  
  39  4:37  Probe, Stalker  
  40  4:49  Probe  
  40  4:50  Probe  
  40  4:52  Immortal (Chrono Boost), Assimilator  
  42  4:56  Pylon  
  46  5:01  Probe  
  46  5:02  Probe  
  46  5:03  Protoss Ground Weapons Level 1 (Chrono Boost)  
  46  5:05  Stalker  
  50  5:13  Probe  
  51  5:14  Probe  
  52  5:24  Immortal (Chrono Boost)  
  52  5:26  Probe  
  52  5:27  Assimilator  
  57  5:29  Pylon  
  57  5:32  Pylon  
  57  5:33  Photon Cannon  
  57  5:49  Probe x2  
  59  6:00  Immortal  
  59  6:01  Probe x2  
  59  6:04  Robotics Bay  
  65  6:07  Pylon  
  65  6:12  Twilight Council  
  65  6:14  Probe, Pylon  
  65  6:15  Probe  
  67  6:28  Probe x2  
  69  6:35  Photon Cannon  
  69  6:39  Pylon, Stalker x2  
  73  6:40  Probe  
  73  6:44  Observer  
  73  6:45  Blink (Chrono Boost)  
  75  6:51  Probe  
  75  6:52  Probe  
  77  7:04  Sentry x2  
  81  7:09  Nexus  
  79  7:30  Pylon  
  79  7:33  Pylon  
  79  7:38  Stalker  
  79  7:39  Stalker  
  79  7:43  Gateway  
  83  7:47  Photon Cannon  
  83  7:50  Photon Cannon  
  83  7:56  Gateway  
  83  7:58  Gateway  
  83  8:00  Gateway  
  83  8:03  Photon Cannon  
  83  8:18  Stalker x2  
  55  8:58  Immortal  
  55  8:59  Stalker x2  
  55  9:00  Stalker x2  
  65  9:05  Pylon  
  65  9:08  Pylon  
  65  9:10  Photon Cannon  
  65  9:11  Photon Cannon  
  65  9:15  Shield Battery  
  65  9:17  Protoss Ground Weapons Level 2 (Chrono Boost)  
  65  9:32  Robotics Facility  
  65  9:33  Immortal  
  65  9:34  Pylon  
  69  9:42  Photon Cannon  
  69  9:43  Shield Battery  
  69  9:45  Shield Battery  
  69  9:46  Sentry x2  
  69  9:48  Sentry  
  69  9:50  Probe  
  76  10:06  Assimilator  
  76  10:17  Shield Battery  
  76  10:18  Probe x3  
  76  10:21  Assimilator  
  79  10:30  Probe, Dark Shrine, Extended Thermal Lance  
  79  10:33  Colossus  
  86  10:38  Colossus  
  92  10:47  Templar Archives  
  92  10:49  Probe x2  
  94  10:50  Pylon  
  94  11:12  Stalker x2  
  94  11:13  Stalker x3  
  92  11:40  Immortal  
  92  11:43  Gateway  
  92  11:44  Gateway  
  84  11:51  Stalker  
  84  11:52  Stalker x2  
  64  12:17  Stalker  
  64  12:18  Stalker x2  
  62  12:23  Immortal x2  
  62  12:29  Protoss Shields Level 1 (Chrono Boost), Psionic Storm  
  70  12:31  Probe x3  
  73  12:41  Forge  
  73  12:42  Dark Templar, Forge  
  75  12:44  Pylon  
  75  12:54  Dark Templar  
  75  12:55  Dark Templar x3  
  83  13:03  Pylon  
  83  13:04  Gateway  
  83  13:12  Pylon  
  83  13:14  Pylon  
  83  13:16  Stalker  
  85  13:22  Immortal  
  85  13:23  Immortal  
  93  13:33  Gateway x2  
  93  13:36  Gateway  
  93  13:38  Gateway  
  93  13:40  Gateway  
  93  13:42  Photon Cannon  
  93  13:45  Photon Cannon  
  93  13:46  Photon Cannon  
  93  13:50  Photon Cannon  
  93  13:51  Shield Battery  
  93  13:54  Pylon  
  87  14:12  Colossus x2  
  95  14:17  High Templar x4  
  95  14:19  High Templar  
  95  14:23  Sentry  
  107  14:31  Sentry  
  107  14:36  Gateway  
  109  14:47  Protoss Ground Weapons Level 3 (Chrono Boost)  
  109  14:48  Protoss Ground Armor Level 1 (Chrono Boost)  
  109  14:51  Protoss Shields Level 2 (Chrono Boost)  
  109  15:02  Charge (Chrono Boost)  
  109  15:05  Colossus  
  109  15:06  Colossus  
  121  15:34  Stalker x5  
  121  15:35  Stalker x2  
  135  15:41  Nexus  
  135  15:56  Pylon  
  135  15:59  Colossus  
  114  16:38  Stalker x2  
  114  16:39  Stalker x4  
  106  16:58  Archon  
  106  16:59  Archon  
  106  17:00  Stalker x3  
  106  17:01  Stalker x4  
  106  17:02  Colossus (Chrono Boost)  
  116  17:14  Zealot x3, Stalker  
  120  17:31  Observer (Chrono Boost)  
  121  17:43  Stalker x3  
  127  17:45  Colossus (Chrono Boost)  
  127  17:47  Warp Prism (Chrono Boost)  
  127  18:21  Sentry x2  
  127  18:22  Stalker x2  
  127  18:23  High Templar  
  124  18:47  Zealot x2  
  124  18:48  Dark Templar x2  
  116  18:50  Zealot  
  116  18:51  Zealot  
  94  18:58  Archon  
  68  19:10  Dark Templar  
  68  19:11  Dark Templar  
  71  19:31  Zealot x3  
  71  19:32  Zealot  
  65  20:05  Stalker  
  65  20:06  Stalker x5  
  73  20:32  Nexus  
  73  20:34  Assimilator  
  73  20:36  Assimilator  
  73  20:41  Stalker x2  
  73  20:42  Stalker x3  
  67  21:00  High Templar  
  61  21:17  Dark Templar  
  43  21:36  Dark Templar  
  44  21:57  Dark Templar  
Show
View Real Time Build Order
Export as new Build Order

Massa Terran - Winner!

Build Orders: Gas First Reaper Expand 

Get SALT Encoding   

  12  0:00  SCV  
  13  0:13  SCV  
  14  0:22  Supply Depot  
  14  0:25  SCV  
  15  0:29  Refinery  
  15  0:43  SCV  
  15  0:46  Barracks  
  16  0:57  SCV  
  17  1:11  SCV  
  18  1:23  SCV  
  18  1:35  SCV  
  19  1:51  Factory  
  19  1:52  Reaper  
  20  1:55  Orbital Command  
  20  2:01  Command Center  
  20  2:24  Marine  
  21  2:30  Bunker  
  21  2:36  Widow Mine  
  23  2:44  Refinery  
  23  2:45  Supply Depot  
  23  3:07  Widow Mine, Barracks Reactor  
  23  3:10  SCV  
  26  3:18  Starport  
  26  3:20  Engineering Bay  
  26  3:22  SCV, Orbital Command  
  27  3:44  Marine x2  
  27  3:46  Factory Tech Lab  
  29  3:49  Terran Infantry Weapons Level 1  
  29  3:53  Missile Turret  
  29  3:59  SCV x2  
  29  4:02  Marine x2  
  33  4:11  SCV x2  
  35  4:20  Marine  
  36  4:26  Missile Turret  
  36  4:37  Marine  
  36  4:38  Marine, Siege Tank  
  41  4:39  SCV x2  
  43  4:51  SCV  
  43  4:52  SCV  
  45  4:54  Marine  
  46  5:10  Command Center  
  46  5:18  Supply Depot  
  46  5:20  Supply Depot  
  46  5:21  Supply Depot  
  46  5:22  Supply Depot  
  46  5:40  SCV, Viking, Siege Tank  
  46  5:41  SCV  
  53  5:43  Supply Depot  
  53  5:49  Supply Depot  
  53  5:52  Terran Infantry Armor Level 1, Barracks, SCV  
  53  5:53  SCV  
  53  5:55  Armory  
  55  6:00  Missile Turret  
  55  6:02  Missile Turret  
  55  6:04  SCV  
  55  6:05  SCV  
  55  6:06  Refinery  
  57  6:15  Siege Tank  
  57  6:16  SCV  
  57  6:17  SCV  
  62  6:28  SCV  
  62  6:29  Marine  
  62  6:30  Marine  
  65  6:42  Barracks Tech Lab, Barracks  
  65  6:47  Marine x2, Siege Tank  
  65  6:53  Engineering Bay  
  65  6:54  Orbital Command  
  70  7:03  SCV x2  
  70  7:05  Marine x2  
  74  7:15  SCV x2  
  76  7:23  Cyclone  
  76  7:25  Marauder, Stimpack  
  76  7:26  Marine  
  76  7:27  SCV, Marine  
  76  7:29  Barracks Reactor  
  84  7:39  Refinery  
  84  7:40  Viking  
  86  7:44  Marine x2  
  86  7:46  Marauder  
  86  7:50  Orbital Command  
  90  8:02  Marine x2  
  92  8:08  Marauder  
  92  8:10  Viking  
  92  8:57  SCV x3  
  95  9:05  Combat Shield  
  95  9:09  SCV x3  
  98  9:11  Marauder, Marine x4  
  103  9:21  SCV x3  
  106  9:27  Terran Infantry Armor Level 2  
  106  9:29  Terran Infantry Weapons Level 2, Marine x3  
  109  9:31  Terran Vehicle Weapons Level 1  
  109  9:37  Supply Depot  
  109  9:38  Supply Depot x2  
  109  9:39  Supply Depot  
  109  9:40  Supply Depot  
  109  9:42  Supply Depot  
  109  9:47  Refinery  
  109  9:48  Refinery  
  109  9:53  Command Center  
  109  9:59  SCV x3, Marauder, Marine x4, Missile Turret  
  118  10:01  Supply Depot  
  118  10:02  Missile Turret, Supply Depot  
  118  10:05  Supply Depot x2  
  118  10:06  Supply Depot  
  118  10:08  Siege Tank  
  118  10:11  SCV x3  
  124  10:16  Marine x4  
  124  10:21  Marauder, Missile Turret  
  130  10:23  Concussive Shells, Missile Turret  
  130  10:24  SCV x3  
  133  10:34  Marine x4  
  137  10:36  SCV x3  
  137  10:40  Siege Tank  
  137  10:42  Marauder  
  145  10:45  Missile Turret  
  145  10:48  SCV x2  
  147  10:52  Marine  
  148  11:04  Marauder  
  145  11:25  Marauder  
  111  11:50  Marauder  
  111  11:51  Marine x4  
  104  12:09  Marine x4  
  104  12:12  Marauder  
  96  12:18  Viking  
  92  12:24  Siege Tank  
  92  12:26  Marine  
  92  12:27  Marine x3  
  99  12:32  Barracks  
  99  12:33  Barracks, Marauder  
  99  12:36  Barracks  
  101  12:42  Barracks  
  101  12:44  Marine  
  101  12:45  Marine x3  
  101  12:46  Smart Servos  
  101  12:48  Viking  
  107  12:55  Marauder, Planetary Fortress  
  107  12:56  Siege Tank  
  107  12:57  SCV x3  
  115  13:02  Marine x2  
  115  13:03  Marine x2  
  119  13:09  SCV x3  
  122  13:14  Terran Infantry Weapons Level 3  
  122  13:15  Terran Infantry Armor Level 3  
  122  13:16  Marauder, Terran Vehicle And Ship Armor Level 1  
  122  13:18  Viking  
  126  13:20  Marine x2  
  126  13:21  SCV  
  126  13:22  SCV x2, Armory  
  131  13:28  Siege Tank  
  131  13:33  SCV  
  131  13:34  SCV x2, Command Center  
  137  13:36  Barracks Reactor x2, Barracks Tech Lab  
  137  13:37  Barracks Reactor, Marauder  
  137  13:38  Factory  
  139  13:45  SCV  
  139  13:46  SCV x2  
  139  13:47  Starport  
  139  13:48  Refinery, Starport Reactor  
  142  13:52  Refinery  
  142  13:59  Marauder  
  144  14:04  Drilling Claws  
  144  14:26  Viking x3  
  144  14:30  Factory Tech Lab  
  150  14:33  Siege Tank  
  153  14:43  Missile Turret x2  
  153  14:45  Missile Turret  
  153  14:56  Viking x3  
  153  14:59  Missile Turret x2  
  159  15:01  Missile Turret x3  
  159  15:02  Missile Turret  
  159  15:04  Missile Turret x2  
  159  15:05  Siege Tank  
  162  15:12  Missile Turret x2  
  162  15:17  Terran Vehicle And Ship Armor Level 2  
  162  15:18  Terran Vehicle Weapons Level 2  
  162  15:26  Viking x3  
  162  15:27  Missile Turret  
  168  15:29  Missile Turret  
  168  15:32  Missile Turret x2  
  168  15:35  Marauder x2  
  172  15:36  Marine  
  172  15:37  Marine x9, Siege Tank  
  172  15:41  Thor  
  191  15:52  Hi-Sec Auto Tracking, Neosteel Armor  
  191  15:54  Marine  
  191  15:55  Marine x8  
  200  16:12  Marine  
  193  16:23  Thor  
  193  16:24  Marine  
  135  17:03  Marauder x2, Marine  
  134  17:14  Thor x2  
  140  17:17  Orbital Command  
  140  17:22  Refinery  
  140  17:23  Refinery  
  140  17:24  Marauder x2  
  144  17:33  Viking x3  
  150  17:40  Terran Vehicle Weapons Level 3  
  150  17:42  Terran Vehicle And Ship Armor Level 3  
  150  17:45  Marauder  
  150  17:46  Marauder  
  154  17:53  Factory  
  154  17:54  Factory  
  154  17:57  Thor x2  
  154  17:58  Factory  
  164  18:03  Viking x3  
  163  18:08  Missile Turret x2  
  163  18:09  Missile Turret  
  163  18:10  Missile Turret x2  
  163  18:11  Missile Turret  
  163  18:12  Missile Turret x2  
  158  18:14  Missile Turret  
  156  18:28  Missile Turret  
  156  18:29  Missile Turret  
  156  18:33  Medivac x3  
  138  18:56  Marauder x2, Marine  
  138  18:57  Marine x9  
  140  19:03  Medivac, Viking x2  
  134  19:13  Thor x2  
  145  19:17  Marauder  
  145  19:18  Marauder  
  131  19:33  Medivac, Viking x2  
  137  19:39  Marauder x2  
  141  19:56  Thor x2  
  151  20:00  Marauder x2  
  151  20:03  Medivac x3  
  151  20:06  Command Center  
  161  20:20  Command Center  
  161  20:21  Marauder  
  161  20:22  Marauder  
  165  20:39  Thor  
  141  21:18  Marine  
  141  21:19  Marauder x2, Marine x5  
  141  21:20  Marine x4  
  149  21:40  Marauder x2  
  141  22:01  Marauder x2  
Show
View Real Time Build Order
Export as new Build Order

qqq Zerg - Winner!

Build Orders: Hatch First 

Get SALT Encoding   

  12  0:04  Drone  
  13  0:12  Drone  
  14  0:35  Hatchery  
  13  0:39  Drone  
  14  0:57  Spawning Pool  
  13  1:14  Drone, Overlord  
  14  1:34  Drone  
  14  1:35  Drone  
  16  1:45  Roach Warren  
  15  1:47  Extractor  
  15  1:52  Drone  
  16  1:54  Drone  
  16  1:55  Drone  
  16  1:57  Queen  
  19  2:03  Drone  
  20  2:12  Queen  
  22  2:27  Overlord  
  22  2:31  Drone x3  
  24  2:39  Drone x2  
  24  2:40  Drone  
  27  2:49  Drone  
  28  2:54  Roach  
  28  2:57  Drone  
  31  3:02  Roach  
  31  3:04  Drone  
  34  3:12  Roach  
  36  3:13  Overlord  
  36  3:18  Extractor  
  36  3:19  Drone  
  36  3:27  Overlord  
  36  3:33  Drone x4  
  40  3:35  Roach  
  40  3:40  Roach  
  44  3:47  Drone x3  
  47  3:51  Drone x2  
  49  4:02  Roach  
  51  4:12  Hatchery  
  51  4:15  Roach  
  51  4:16  Roach  
  50  4:37  Roach  
  49  4:56  Spore Crawler  
  48  5:02  Drone x3, Spore Crawler x2  
  48  5:03  Roach  
  48  5:04  Overlord x4  
  51  5:11  Lair  
  50  5:21  Spine Crawler  
  49  5:29  Drone x3  
  49  5:30  Roach x2  
  49  5:31  Roach x2  
  49  5:34  Drone  
  61  5:47  Drone, Roach  
  61  5:49  Drone x3  
  67  5:58  Queen  
  67  6:02  Metabolic Boost  
  69  6:05  Roach  
  69  6:06  Hatchery, Roach  
  69  6:07  Drone  
  73  6:12  Drone x2  
  73  6:13  Drone  
  73  6:14  Drone  
  73  6:15  Drone  
  78  6:26  Drone x2  
  78  6:27  Overlord, Roach  
  78  6:28  Overlord  
  82  6:36  Extractor, Drone  
  82  6:39  Extractor  
  81  6:40  Glial Reconstitution  
  81  6:42  Hydralisk Den  
  81  6:43  Roach  
  81  6:45  Overlord  
  81  6:46  Drone  
  81  6:47  Drone x2  
  84  6:48  Drone  
  86  6:55  Drone  
  86  6:57  Roach  
  89  7:05  Roach x3  
  89  7:06  Roach  
  89  7:07  Roach x3  
  103  7:17  Drone x3, Hydralisk x2  
  98  7:27  Hydralisk x2  
  98  7:28  Hydralisk x2  
  94  7:30  Drone  
  94  7:31  Drone  
  94  7:35  Hydralisk  
  98  7:39  Drone  
  98  7:42  Spore Crawler  
  98  7:47  Pneumatized Carapace  
  98  7:48  Overseer  
  98  7:57  Spire  
  96  8:08  Drone x2  
  87  8:28  Hydralisk x4  
  87  8:30  Roach x5  
  87  8:31  Drone  
  90  8:56  Roach x4  
  90  8:57  Roach  
  96  9:13  Muscular Augments  
  96  9:16  Overlord  
  96  9:17  Overlord x2  
  96  9:32  Hatchery  
  96  9:35  Hatchery  
  96  9:37  Drone x2  
  96  9:49  Lurker Den  
  95  9:53  Infestation Pit  
  95  9:55  Evolution Chamber  
  95  9:56  Drone x2  
  95  10:00  Evolution Chamber  
  95  10:04  Hatchery  
  95  10:05  Hydralisk  
  95  10:06  Roach x4  
  103  10:07  Mutalisk  
  105  10:17  Hydralisk x2  
  105  10:18  Hydralisk x2  
  113  10:24  Grooved Spines  
  113  10:27  Corruptor  
  115  10:29  Overlord x3  
  115  10:36  Corruptor  
  117  10:45  Hydralisk  
  119  10:52  Drone x2  
  91  11:20  Hydralisk x4  
  91  11:21  Hydralisk x4  
  91  11:22  Drone  
  91  11:23  Drone x4  
  86  11:33  Corruptor  
  86  11:34  Hydralisk  
  82  11:51  Hydralisk x3  
  82  11:52  Hydralisk  
  90  12:01  Hydralisk x2  
  90  12:02  Drone  
  90  12:03  Drone x7  
  100  12:17  Zergling x10  
  100  12:18  Zergling x8  
  100  12:19  Drone x4  
  113  12:23  Extractor  
  113  12:25  Extractor, Drone x2  
  113  12:26  Drone  
  114  12:30  Zerg Melee Weapons Level 1  
  114  12:32  Zerg Missile Weapons Level 1  
  114  12:37  Drone  
  114  12:38  Drone x2  
  117  12:46  Hive  
  117  12:53  Drone  
  117  12:55  Extractor, Spore Crawler  
  117  12:56  Extractor, Spore Crawler  
  114  13:20  Drone x3  
  114  13:21  Drone x6  
  114  13:23  Spore Crawler x2  
  114  13:26  Spore Crawler  
  120  13:27  Spore Crawler  
  120  13:28  Spine Crawler  
  120  13:29  Hydralisk x2  
  120  13:30  Corruptor x2  
  126  13:34  Zerg Flyer Weapons Level 1  
  126  13:39  Hydralisk x2  
  130  13:42  Lurker  
  130  13:43  Drone x3  
  130  13:44  Drone x3  
  130  13:45  Overlord x3  
  130  13:47  Hydralisk  
  130  13:48  Hydralisk  
  141  14:01  Hatchery  
  140  14:04  Spore Crawler  
  140  14:05  Spine Crawler  
  134  14:18  Hydralisk x2, Overseer  
  134  14:19  Hydralisk, Viper  
  134  14:20  Viper  
  134  14:22  Corruptor  
  148  14:24  Zerg Ground Armor Level 1  
  148  14:25  Drone x4  
  148  14:29  Hydralisk  
  155  14:38  Lurker x2  
  155  14:40  Hydralisk x2  
  155  14:41  Drone  
  155  14:42  Drone x3  
  164  14:54  Drone  
  165  15:01  Spine Crawler  
  165  15:06  Drone  
  165  15:07  Drone x2  
  167  15:12  Hydralisk x5  
  167  15:13  Hydralisk  
  179  15:19  Queen  
  181  15:28  Zerg Flyer Armor Level 1  
  181  15:29  Overlord x4  
  181  15:30  Hatchery  
  181  15:31  Zerg Melee Weapons Level 2  
  180  15:55  Queen  
  181  16:17  Hydralisk x6  
  192  16:19  Corruptor x3  
  192  16:21  Drone  
  140  16:57  Hydralisk x5  
  140  16:58  Hydralisk x4  
  140  17:00  Drone x6  
  140  17:01  Drone x2  
  157  17:07  Hydralisk  
  157  17:08  Hydralisk  
  161  17:18  Lurker x4  
  161  17:19  Lurker x5  
  170  17:24  Hydralisk x2  
  170  17:25  Hydralisk x3  
  174  17:41  Spine Crawler  
  174  17:42  Spine Crawler  
  165  17:49  Hydralisk  
  165  17:50  Hydralisk x6  
  179  17:52  Corruptor x4  
  187  18:18  Hydralisk x3  
  187  18:19  Hydralisk x6  
  195  18:20  Drone  
  195  18:21  Drone  
  156  19:02  Corruptor x7  
  144  19:03  Corruptor x4  
  144  19:05  Drone x4  
  154  19:28  Corruptor x2  
  154  19:29  Hatchery, Corruptor x2  
  161  19:35  Hatchery  
  134  20:17  Corruptor x2  
  134  20:18  Hydralisk x4, Corruptor x2  
  134  20:19  Hydralisk x5  
  145  20:46  Corruptor x2  
  145  20:47  Corruptor x2  
  141  21:01  Corruptor x2  
  135  21:36  Corruptor x4  
  135  21:38  Zergling x8  
  135  21:39  Zergling x2  
  141  21:40  Drone x7  
  141  21:41  Drone x2  
  145  21:57  Extractor  
  145  21:58  Extractor  
  143  22:03  Extractor  
  143  22:05  Extractor  
  139  22:21  Overseer  
Tags
 
Add a new tag
Caveats
  • Supply blocks, unpowered buildings, or Contaminate may cause inaccurate times.
  • Supply counts are checked every 10 seconds.